 Dungeon Crawl Stone Soup version 0.29-a0-838-g385bb11a5b (webtiles) character file.

Game seed: 8429405956616425383

4718 purpskrrrp the Covert (level 10, -12/49 HPs)
             Began as a Vine Stalker Enchanter on July 13, 2022.
             Was an Initiate of Gozag.
             Mangled by a gargoyle
             ... wielding a +0 mace
              (17 damage)
             ... on level 9 of the Dungeon.
             The game lasted 00:26:09 (7536 turns).

purpskrrrp the Covert (Vine Stalker Enchanter)      Turns: 7536, Time: 00:26:10

Health: -12/49     AC:  5    Str: 11    XL:     10   Next: 45%
Magic:  0/23       EV: 12    Int: 15    God:    Gozag
Gold:   1046       SH:  9    Dex: 19    Spells: 14/14 levels left

rFire   . . .      SeeInvis .   f - +5 dagger (distort)
rCold   . . .      Faith    .   C - +0 kite shield
rNeg    . . .      Spirit   +   b - +1 robe
rPois   .          Reflect  .   (no helmet)
rElec   .          Harm     .   g - +0 cloak
rCorr   .          Rampage  .   n - +0 pair of gloves
Will    +....                   (no boots)
Stlth   +++++.....              (no amulet)
HPRegen 0.96/turn               j - ring of magical power
MPRegen 0.18/turn               (no ring)

@: about to teleport, gold aura, hasted, studying Unarmed Combat, very quick
A: fangs 3, regeneration 1, magic shield, antimagic bite, no potion heal 2
a: Renounce Religion, Potion Petition, Call Merchant, Bribe Branch


You were on level 9 of the Dungeon.
You worshipped Gozag.
Gozag was most pleased with you.
You visited 1 branch of the dungeon, and saw 9 of its levels.
You also visited: Ossuary.

You collected 1105 gold pieces.
You paid 59 gold pieces to Gozag.

Inventory:

Hand Weapons
 a - a +1 dagger
 f - a +5 dagger of distortion (weapon)
 v - a +1 dagger of holy wrath
Missiles
 i - 17 poisoned darts
 p - 8 boomerangs (quivered)
 q - 12 javelins
 y - 4 atropa-tipped darts
Armour
 b - a +1 robe (worn)
 g - a +0 cloak (worn)
 n - a +0 pair of gloves (worn)
 C - a +0 kite shield (worn)
Jewellery
 j - a ring of magical power (left hand)
 x - a ring of ice
 H - a ring of fire
Wands
 m - a wand of polymorph (11)
 u - a wand of light (7)
 w - a wand of flame (10)
 K - a wand of roots (3)
Scrolls
 e - a scroll of poison
 h - a scroll of teleportation
 k - a scroll of fear
 B - a scroll of amnesia
 D - 2 scrolls of fog
 E - a scroll of immolation {unknown}
 I - 2 scrolls of identify
 J - a scroll of magic mapping
Potions
 c - 2 potions of invisibility
 l - 2 potions of might
 o - 2 potions of degeneration
 r - 4 potions of curing
 s - 2 potions of magic
 t - a potion of brilliance
 z - 3 potions of lignification
 A - a potion of ambrosia {unknown}
 F - 3 potions of heal wounds {unknown}
 G - a potion of resistance {unknown}


   Skills:
 + Level 3.3 Fighting
 * Level 8.7 Short Blades
 + Level 3.8 Dodging
 * Level 12.9 Stealth
 + Level 2.0 Shields
 + Level 2.5 Spellcasting
 + Level 3.4 Hexes


You had 14 spell levels left.
You didn't know any spells.
Your spell library contained the following spells:

 Spells                   Type           Power      Damage    Failure   Level
 Ensorcelled Hibernation  Hex/Ice        14%        N/A       45%         2
 Confusing Touch          Hex            12%        N/A       45%         3
 Tukima's Dance           Hex            12%        N/A       45%         3
 Magic Dart               Conj           4%         1d3       56%         1
 Blink                    Tloc           2%         N/A       71%         2
 Call Imp                 Summ           1%         N/A       71%         2
 Dazzling Flash           Conj/Hex       14%        N/A       71%         3
 Ignite Poison            Fire/Tmut/Pois 1%         N/A       91%         3
 Lesser Beckoning         Tloc           1%         N/A       91%         3
 Mephitic Cloud           Conj/Pois/Air  1%         N/A       91%         3
 Freezing Cloud           Conj/Ice/Air   0%         6-21      100%        5
 Manifold Assault         Tloc           1%         N/A       100%        5


Dungeon Overview and Level Annotations

Branches:
Dungeon (9/15)             Temple (0/1) D:6            Lair (0/6) D:9
Ossuary (visited)
    Orc: D:9-12

Altars:
Dithmenos
Gozag
Okawaru
Sif Muna
Trog
Uskayaw
Zin

Shops:
D:7 (


Innate Abilities, Weirdness & Mutations

You have razor-sharp teeth.
Your natural rate of healing is unusually fast.
When hurt, damage is shared between your health and your magic reserves.
Your bite disrupts and absorbs the magic of your enemies.
Potions cannot restore your health.


Message History

You feel invigorated.
The wolf is moderately wounded.
The wolf barely misses you.
You closely miss the wolf. Your bite misses the wolf.
The wolf is moderately wounded.
You block the wolf's attack. The wolf bites you.
You barely miss the wolf.
The wolf is moderately wounded.
The wolf closely misses you. The wolf bites you.
You hit the gargoyle but do no damage.
You bite the gargoyle, but do no damage.
The gargoyle is lightly damaged.
The gargoyle blinks!
The wolf misses you.
You hit the troll. You bite the troll. You drain its power.
You feel invigorated.
The troll is moderately wounded.
The troll blinks!
The wolf bites you.
You hit the wolf but do no damage.
Space warps horribly around the wolf!!
You kill the wolf!
You hit the gargoyle but do no damage.
Space warps horribly around the gargoyle!
Your bite misses the gargoyle.
The gargoyle is heavily damaged.
The gargoyle hurls a stone arrow at you.
The stone arrow hits you!
* * * LOW HITPOINT WARNING * * *
You hit the gargoyle but do no damage.
The gargoyle is heavily damaged.
The gargoyle hits you with a +0 mace!!
* * * LOW HITPOINT WARNING * * *
You can't see any enemies this would affect, really read the scroll of fear?
Okay, then.
You feel yourself speed up.
The gargoyle hurls a stone arrow at you.
The stone arrow hits you.
* * * LOW HITPOINT WARNING * * *
As you read the scroll of teleportation, it crumbles to dust.
You feel strangely unstable. The gargoyle hits you with a +0 mace!!
You die...
Your body crumbles into a pile of gold.

.....#.#.#.#.#.###..............#
..##..>.........##.......... ..#.
..#..#.#.#.#.#.#.. ...
..#................ #.
.....#.#.#.#.#.#.#.
..#.............9# $
..#..#.#.#.#.#.#.
..#........#...9## ..#########
#.$@# ..# ### #.#.# ##..#.#
#.#.##....#... ##########
#.#........... ....)....#
#.####.#...... .........#
#....9........ $ .........#
#....≈......≈.
...(.....#####....≈≈≈..≈≈≈≈
.................≈≈≈≈≈≈≈≈≈≈


You could see a gargoyle.

Vanquished Creatures
  A shadow (D:9)
  A yak (D:9)
  3 water moccasins
  3 sky beasts
  3 black bears
  A wolf (D:9)
  6 centaurs
  An ogre (D:5)
  A kobold brigand (D:7)
  3 bullfrogs
  4 scorpions
  3 elf zombies (Ossuary)
  2 necrophages
  8 killer bees
  3 centaur zombies (Ossuary)
  2 human zombies (Ossuary)
  2 orc priests
  A gnoll bouda (D:8)
  2 hounds
  2 jellies
  Jessica (D:3)
  An iguana (D:4)
  6 orc wizards
  4 mummies
  5 gnolls
  A shadow imp (D:7)
  An ufetubus (D:5)
  3 worms (D:2)
  A dart slug (D:4)
  23 orcs
  5 ball pythons
  3 endoplasms (D:1)
  2 giant cockroaches (D:1)
  8 goblins
  9 hobgoblins
  5 jackals
  4 quokkas
  5 bats
  4 frilled lizards
  12 kobolds
  7 rats
162 creatures vanquished.

Notes
Turn   | Place    | Note
-------+----------+-------------------------------------------
     0 | D:1      | purpskrrrp the Vine Stalker Enchanter began the quest for
                  | the Orb.
     0 | D:1      | Reached XP level 1. HP: 9/9 MP: 4/4
   430 | D:1      | Reached XP level 2. HP: 7/13 MP: 3/6
   694 | D:1      | Reached skill level 4 in Stealth
   695 | D:1      | Reached skill level 1 in Short Blades
   853 | D:1      | Found a faded altar of an unknown god.
  1036 | D:1      | Reached XP level 3. HP: 16/16 MP: 7/7
  2222 | D:2      | Identified the +7 short sword of the Onslaught {vorpal,
                  | rF+}
  2278 | D:2      | Reached skill level 5 in Stealth
  2458 | D:2      | Gained mutation: Your natural rate of healing is unusually
                  | fast. [Vine Stalker growth]
  2458 | D:2      | Reached XP level 4. HP: 21/21 MP: 8/8
  2880 | D:3      | Noticed Jessica
  2883 | D:3      | Killed Jessica
  2923 | D:3      | Reached XP level 5. HP: 24/24 MP: 7/9
  2925 | D:3      | Reached skill level 6 in Stealth
  3420 | D:4      | Reached XP level 6. HP: 29/29 MP: 10/10
  3465 | D:4      | Found a glowing silver altar of Zin.
  3507 | D:4      | Reached skill level 7 in Stealth
  3810 | D:4      | Found an iron altar of Okawaru.
  3849 | D:4      | Found an opulent altar of Gozag.
  3858 | D:4      | Became a worshipper of Gozag Ym Sagoz the Greedy
  3885 | D:5      | Entered Level 5 of the Dungeon
  3984 | D:5      | Reached XP level 7. HP: 32/32 MP: 11/11
  4074 | D:5      | Reached skill level 1 in Fighting
  4140 | D:5      | Found a bloodstained altar of Trog.
  4159 | D:5      | Reached skill level 8 in Stealth
  4343 | D:5      | Reached skill level 9 in Stealth
  4343 | D:5      | Gained mutation: You have razor-sharp teeth. [Vine Stalker
                  | growth]
  4343 | D:5      | Reached XP level 8. HP: 36/37 MP: 12/12
  4546 | D:6      | Found a shadowy altar of Dithmenos.
  4838 | D:6      | Reached skill level 5 in Short Blades
  5082 | D:6      | Found a staircase to the Ecumenical Temple.
  5196 | D:7      | Reached skill level 10 in Stealth
  5234 | D:7      | Reached XP level 9. HP: 39/42 MP: 13/13
  5348 | D:7      | Found a sand-covered staircase.
  5355 | Ossuary  | Entered an ossuary
  5489 | Ossuary  | Reached skill level 11 in Stealth
  5702 | D:7      | Found Ponlur's Weapon Boutique.
  6471 | D:8      | Noticed a centaur warrior
  6479 | D:8      | Banished a centaur warrior
  6480 | D:8      | Reached skill level 1 in Shields
  6480 | D:8      | Reached XP level 10. HP: 45/49 MP: 14/14
  6544 | D:8      | Reached skill level 12 in Stealth
  6980 | D:8      | Found a shimmering blue altar of Sif Muna.
  7446 | D:9      | Found a hide-covered altar of Uskayaw.
  7504 | D:9      | Noticed a gargoyle
  7505 | D:9      | Found a staircase to the Lair.
  7536 | D:9      | Mangled by a gargoyle

Illustrated notes

Levels and vault maps discovered:
D:1:      sevenhm_arrival_forest_fort_large_2, layout_loops_corners,
          shapermc_ecumenical_altar_mp_ritualfount, serial_aquarium,
          aquarium_bridge_straight [aquarium_subvault_bridge,
          aquarium_subvault_window, aquarium_subvault_bridge,
          aquarium_subvault_window], aquarium_bridge_straight
          [aquarium_subvault_bridge, aquarium_subvault_window,
          aquarium_subvault_bridge, aquarium_subvault_wall], aquarium_window_1,
          aquarium_window_fake, aquarium_window_1, aquarium_window_fake,
          aquarium_view_2c, aquarium_view_2f, minmay_tetromino_i2
D:2:      layout_loops_ring, dreamdust_princess_bridge, nicolae_wormholes
D:3:      layout_rooms, uniq_jessica
D:4:      layout_cave_pools, mainiacjoe_overflow_surrounded_room,
          mainiacjoe_overflow_two_lobes
D:5:      layout_cave_pools, lightli_temple_of_fire
D:6:      layout_gridville, grunt_dithmenos_smoke_and_mirrors,
          minmay_temple_entry_trees
D:7:      layout_basic, gup_ossuary_entry_pyramid, hangedman_decor_riveting,
          minmay_strange_pillars, grunt_ministairs_1, nicolae_stop_n_shop_1
D:8:      layout_gridville, nicolae_sif_muna_condensation, minmay_manual_mail
D:9:      layout_rooms, mainiacjoe_overflow_six_doors_small,
          mainiacjoe_overflow_chevrons, erik_lair_island, st_stairs_11,
          minmay_fractal_squares_gapless_5

Skill      XL: |  1  2  3  4  5  6  7  8  9 10 |
---------------+-------------------------------+-----
Stealth        | 4 5 6 7 9 10 11 12 | 12.9
Short Blades   | 1 2 3 4 6 8 |  8.7
Dodging        | 2 3 |  3.8
Fighting       | 1 2 3 |  3.3
Shields        | 1 2 |  2.0
Spellcasting   | |  2.5
Hexes          | |  3.4

Action                   |  1- 3 |  4- 6 |  7- 9 | 10-12 || total
-------------------------+-------+-------+-------+-------++-------
Melee: Dagger            |    73 |    83 |   182 |    76 ||   414
       Bite              |    11 |    14 |    50 |    17 ||    92
       Punch             |       |     2 |     1 |       ||     3
  Use: Scroll            |     7 |     6 |    11 |     3 ||    27
       Potion            |       |       |       |     4 ||     4
 Stab: Sleeping          |    13 |     6 |    13 |     7 ||    39
       Distracted        |       |       |     2 |       ||     2
       Invisible         |       |       |       |     4 ||     4
Armor: Robe              |    13 |     9 |    36 |    10 ||    68
Dodge: Dodged            |    24 |    30 |    58 |    26 ||   138
Block: Kite shield       |       |       |    45 |    31 ||    76

Table legend: (Time is in decaauts)
 A = Elapsed time spent in this place.
 B = Non-inter-level travel time spent in this place.
 C = Inter-level travel time spent in this place.
 D = Time resting spent in this place.
 E = Time spent auto-exploring this place.
 F = Levels seen in this place.
 G = Mean time per level.
                   A        B        C        D        E       F      G
               +--------+--------+--------+--------+--------+-----+--------+
         Total |   7465 |   7048 |    417 |    394 |   5239 |  10 |  746.5 |
       Dungeon |   7272 |   6855 |    417 |    394 |   5161 |   9 |  808.0 |
       Ossuary |    193 |    193 |      0 |      0 |     78 |   1 |  193.0 |
               +--------+--------+--------+--------+--------+-----+--------+

Top non-repeatable levels by time:
     D:1: 2110 daAuts
     D:7: 1057 daAuts
     D:8: 768 daAuts
     D:2: 764 daAuts
     D:6: 649 daAuts
     D:5: 620 daAuts
     D:4: 529 daAuts
     D:3: 470 daAuts
     D:9: 303 daAuts
 Ossuary: 193 daAuts
